TOP OF THE 1ST |
Pompano Beach Stingrays batting - Pitching for Dunedin Blue Jays : RHP Jeff Russell
|
Pitching: RHP Jeff Russell
|
|
Batting: RHB Jorge Villalobos
|
0-0: Called Strike 0-1: Foul Ball, location: 2F 0-2: Ball 1-2: Ball 2-2: DOUBLE (Line Drive, 7LD, EV 100.6 MPH)
|
Batting: SHB Gene Roof
|
0-0: Swinging Strike 0-1: DOUBLE (Line Drive, 5D, EV 108.8 MPH) Jorge Villalobos scores
|
Batting: RHB Lance Junker
|
0-0: Ball 1-0: Foul Ball, location: 2F 1-1: Ground out 4-3 (Groundball, 34D, EV 91.3 MPH) Gene Roof to third
|
Batting: RHB Mark Strucher
|
0-0: Ball 1-0: Foul Ball, location: 2F 1-1: Swinging Strike 1-2: Ground out 1-3 (Groundball, P, EV 66.3 MPH)
|
Batting: SHB Juan Molina
|
0-0: Fly out, F4 (Popup, 4, EV 65.0 MPH)
|
Top of the 1st over - 1 run, 2 hits, 0 errors, 1 left on base; Pompano Beach 1 - Dunedin 0 |
BOTTOM OF THE 1ST |
Dunedin Blue Jays batting - Pitching for Pompano Beach Stingrays : RHP Ricky Acevedo
|
Pitching: RHP Ricky Acevedo
|
|
Batting: SHB Albert Hall
|
0-0: Ball 1-0: Foul Ball, location: 2F 1-1: Swinging Strike 1-2: Ball 2-2: Ball 3-2: Foul Ball, location: 2F 3-2: SINGLE (Line Drive, 9S, EV 105.6 MPH)
|
Batting: LHB Gary Fulton
|
0-0: Ball 1-0: Ball 2-0: Fly out, F9 (Flyball, 9S, EV 78.1 MPH)
|
Batting: LHB Ray Cosey
|
0-0: Ball Albert Hall steals 2nd base (no throw) 1-0: Called Strike 1-1: Ball 2-1: Foul Ball, location: 2F 2-2: Strikes out swinging
|
Batting: RHB Randy Lavigne
|
0-0: Called Strike 0-1: Foul Ball, location: 2F 0-2: Ball 1-2: Strikes out swinging, 2-3 out at first.
|
Bottom of the 1st over - 0 runs, 1 hit, 0 errors, 1 left on base; Pompano Beach 1 - Dunedin 0 |
TOP OF THE 2ND |
Pompano Beach Stingrays batting - Pitching for Dunedin Blue Jays : RHP Jeff Russell
|
Batting: SHB Maury Ornest
|
0-0: Ball 1-0: Reached on error, E5 (Groundball, 25, EV 78.1 MPH)
|
Batting: RHB Whitney Harry
|
0-0: Fly out, F8 (Line Drive, 8RM, EV 91.3 MPH)
|
Batting: RHB William Waag
|
0-0: Ball Maury Ornest steals 2nd base 1-0: Foul Ball, location: 2F 1-1: Ball 2-1: Foul Ball, location: 2F 2-2: Foul Ball, location: 2F 2-2: Ball 3-2: Ground out U3 (Groundball, 34, EV 84.4 MPH) Maury Ornest to third
|
Batting: RHB Edward Lowery
|
0-0: Foul Ball, location: 2F 0-1: Swinging Strike 0-2: Strikes out looking
|
Top of the 2nd over - 0 runs, 0 hits, 1 error, 1 left on base; Pompano Beach 1 - Dunedin 0 |
BOTTOM OF THE 2ND |
Dunedin Blue Jays batting - Pitching for Pompano Beach Stingrays : RHP Ricky Acevedo
|
Batting: RHB Dann Bilardello
|
0-0: Called Strike 0-1: Fly out, F7 (Line Drive, 7, EV 89.4 MPH)
|
Batting: RHB Rich Murray
|
0-0: Fly out, F4 (Line Drive, 4, EV 75.6 MPH)
|
Batting: RHB Jeff Bertoni
|
0-0: Foul Ball, location: 2F 0-1: Ball 1-1: Called Strike 1-2: Ball 2-2: Fly out, F8 (Flyball, 89D, EV 100.0 MPH)
|
Bottom of the 2nd over - 0 runs, 0 hits, 0 errors, 0 left on base; Pompano Beach 1 - Dunedin 0 |
TOP OF THE 3RD |
Pompano Beach Stingrays batting - Pitching for Dunedin Blue Jays : RHP Jeff Russell
|
Batting: RHB Jorge Villalobos
|
0-0: Ground out 6-3 (Groundball, 6, EV 83.1 MPH)
|
Batting: SHB Gene Roof
|
0-0: Fly out, F6 (Popup, 6MS, EV 81.9 MPH)
|
Batting: RHB Lance Junker
|
0-0: Called Strike 0-1: Called Strike 0-2: Ball 1-2: Strikes out looking
|
Top of the 3rd over - 0 runs, 0 hits, 0 errors, 0 left on base; Pompano Beach 1 - Dunedin 0 |
BOTTOM OF THE 3RD |
Dunedin Blue Jays batting - Pitching for Pompano Beach Stingrays : RHP Ricky Acevedo
|
Batting: RHB Scott Richartz
|
0-0: Swinging Strike 0-1: Fly out, F8 (Flyball, 8RD, EV 96.3 MPH)
|
Batting: RHB Tony Walker
|
0-0: DOUBLE (Line Drive, 3D, EV 103.1 MPH)
|
Batting: SHB Albert Hall
|
0-0: Called Strike Tony Walker steals 3rd base 0-1: Foul Ball, location: 2F 0-2: Ball 1-2: Ball 2-2: Fly out, F7 (Flyball, 78D, EV 95.6 MPH) Runner from 3rd tags up, SCORES, no throw by LF
|
Batting: LHB Gary Fulton
|
0-0: Foul Ball, location: 2F 0-1: Ball 1-1: Called Strike 1-2: Ball 2-2: Foul Ball, location: 2F 2-2: Ball 3-2: Ground out 5-3 (Groundball, 56S, EV 65.6 MPH)
|
Bottom of the 3rd over - 1 run, 1 hit, 0 errors, 0 left on base; Pompano Beach 1 - Dunedin 1 |
TOP OF THE 4TH |
Pompano Beach Stingrays batting - Pitching for Dunedin Blue Jays : RHP Jeff Russell
|
Batting: RHB Mark Strucher
|
0-0: Ball 1-0: Foul Ball, location: 2F 1-1: Ground out 5-3 (Groundball, 5, EV 87.5 MPH)
|
Batting: SHB Juan Molina
|
0-0: Foul Ball, location: 2F 0-1: SINGLE (Flyball, 6D, EV 82.5 MPH)
|
Batting: SHB Maury Ornest
|
0-0: SINGLE (Groundball, 6MD, EV 96.9 MPH) Juan Molina to second
|
Batting: RHB Whitney Harry
|
0-0: Called Strike 0-1: Swinging Strike 0-2: Foul Ball, location: 2F 0-2: Ball 1-2: Strikes out swinging
|
Batting: RHB William Waag
|
0-0: Ball 1-0: Ball 2-0: Ball 3-0: Base on Balls Juan Molina to third Maury Ornest to second
|
Batting: RHB Edward Lowery
|
0-0: Ball 1-0: Foul Ball, location: 2F 1-1: GRAND SLAM HOME RUN (Flyball, 78XD, EV 87.5 MPH), Distance : 439 ft
|
Batting: RHB Jorge Villalobos
|
0-0: Foul Ball, location: 2F 0-1: Foul Ball, location: 2F 0-2: Fly out, F5 (Popup, 5SF, EV 89.4 MPH)
|
Top of the 4th over - 4 runs, 3 hits, 0 errors, 0 left on base; Pompano Beach 5 - Dunedin 1 |
BOTTOM OF THE 4TH |
Dunedin Blue Jays batting - Pitching for Pompano Beach Stingrays : RHP Ricky Acevedo
|
Batting: LHB Ray Cosey
|
0-0: Called Strike 0-1: Ball 1-1: Called Strike 1-2: Ground out 5-3 (Groundball, 56, EV 93.1 MPH)
|
Batting: RHB Randy Lavigne
|
0-0: Swinging Strike 0-1: Ball 1-1: Foul Ball, location: 2F 1-2: DOUBLE (Line Drive, 7LM, EV 100.0 MPH)
|
Batting: RHB Dann Bilardello
|
0-0: Ball 1-0: SINGLE (Line Drive, 6MD, EV 108.8 MPH) Randy Lavigne to third Runner from 3rd tries for Home, SAFE, throw by CF to home
|
Batting: RHB Rich Murray
|
0-0: Fly out, F9 (Flyball, 89M, EV 88.8 MPH)
|
Batting: RHB Jeff Bertoni
|
0-0: Called Strike 0-1: Swinging Strike 0-2: SINGLE (Line Drive, 34D, EV 100.6 MPH) Dann Bilardello to second
|
Batting: RHB Scott Richartz
|
0-0: Ball 1-0: Ball 2-0: Ball 3-0: Called Strike 3-1: Ground out 5-3 (Groundball, 56S, EV 72.5 MPH)
|
Bottom of the 4th over - 1 run, 3 hits, 0 errors, 2 left on base; Pompano Beach 5 - Dunedin 2 |
TOP OF THE 5TH |
Pompano Beach Stingrays batting - Pitching for Dunedin Blue Jays : RHP Jeff Russell
|
Batting: SHB Gene Roof
|
0-0: Ball 1-0: Called Strike 1-1: Called Strike 1-2: SINGLE (Groundball, 4MD, EV 95.0 MPH)
|
Batting: RHB Lance Junker
|
0-0: Ball 1-0: Called Strike 1-1: Grounds into double play, 6-4-3 (Groundball, 6, EV 110.0 MPH)
|
Batting: RHB Mark Strucher
|
0-0: Ball 1-0: Called Strike 1-1: Swinging Strike 1-2: Strikes out looking
|
Top of the 5th over - 0 runs, 1 hit, 0 errors, 0 left on base; Pompano Beach 5 - Dunedin 2 |
BOTTOM OF THE 5TH |
Dunedin Blue Jays batting - Pitching for Pompano Beach Stingrays : RHP Ricky Acevedo
|
Batting: RHB Tony Walker
|
0-0: Ball 1-0: Ground out 6-3 (Groundball, 56, EV 81.3 MPH)
|
Batting: SHB Albert Hall
|
0-0: Fly out, F8 (Flyball, 8LXD, EV 96.9 MPH)
|
Batting: LHB Gary Fulton
|
0-0: Called Strike 0-1: Foul Ball, location: 2F 0-2: Foul Ball, location: 2F 0-2: Ball 1-2: Foul Ball, location: 2F 1-2: Ball 2-2: Foul Ball, location: 2F 2-2: Foul Ball, location: 2F 2-2: Foul Ball, location: 2F 2-2: Foul Ball, location: 2F 2-2: Ball 3-2: Foul Ball, location: 2F 3-2: Foul Ball, location: 2F 3-2: Foul Ball, location: 2F 3-2: Fly out, F8 (Flyball, 8LS, EV 76.3 MPH)
|
Bottom of the 5th over - 0 runs, 0 hits, 0 errors, 0 left on base; Pompano Beach 5 - Dunedin 2 |
TOP OF THE 6TH |
Pompano Beach Stingrays batting - Pitching for Dunedin Blue Jays : RHP Jeff Russell
|
Batting: SHB Juan Molina
|
0-0: Ball 1-0: Ground out 6-3 (Groundball, 6, EV 104.4 MPH)
|
Batting: SHB Maury Ornest
|
0-0: Called Strike 0-1: Swinging Strike 0-2: Strikes out looking
|
Batting: RHB Whitney Harry
|
0-0: Fly out, F9 (Flyball, 9, EV 85.6 MPH)
|
Top of the 6th over - 0 runs, 0 hits, 0 errors, 0 left on base; Pompano Beach 5 - Dunedin 2 |
BOTTOM OF THE 6TH |
Dunedin Blue Jays batting - Pitching for Pompano Beach Stingrays : RHP Ricky Acevedo
|
Batting: LHB Ray Cosey
|
0-0: Called Strike 0-1: Swinging Strike 0-2: Ball 1-2: Ball 2-2: Ball 3-2: Ground out 4-3 (Groundball, 4, EV 104.4 MPH)
|
Batting: RHB Randy Lavigne
|
0-0: Ball 1-0: Foul Ball, location: 2F 1-1: Foul Ball, location: 2F 1-2: Foul Ball, location: 2F 1-2: Ball 2-2: Ground out 6-3 (Groundball, 6, EV 106.3 MPH)
|
Batting: RHB Dann Bilardello
|
0-0: Ground out 6-3 (Groundball, 6, EV 83.1 MPH)
|
Bottom of the 6th over - 0 runs, 0 hits, 0 errors, 0 left on base; Pompano Beach 5 - Dunedin 2 |
TOP OF THE 7TH |
Pompano Beach Stingrays batting - Pitching for Dunedin Blue Jays : RHP Jeff Russell
|
Pitching: RHP Jesus Cortez
|
|
Batting: RHB William Waag
|
0-0: Fly out, F7 (Flyball, 7, EV 76.9 MPH)
|
Batting: RHB Edward Lowery
|
0-0: SINGLE (Groundball, 56D, EV 96.3 MPH)
|
Batting: RHB Jorge Villalobos
|
0-0: Called Strike 0-1: Foul Ball, location: 2F 0-2: Ball 1-2: Strikes out swinging Edward Lowery steals 2nd base Batter strikes out.
|
Batting: SHB Gene Roof
|
0-0: Ball 1-0: Fly out, F7 (Flyball, 78S, EV 83.1 MPH)
|
Top of the 7th over - 0 runs, 1 hit, 0 errors, 1 left on base; Pompano Beach 5 - Dunedin 2 |
BOTTOM OF THE 7TH |
Dunedin Blue Jays batting - Pitching for Pompano Beach Stingrays : RHP Ricky Acevedo
|
Batting: RHB Rich Murray
|
0-0: Called Strike 0-1: Ball 1-1: Foul Ball, location: 2F 1-2: Ball 2-2: TRIPLE (Flyball, 8RXD, EV 96.3 MPH)
|
Batting: RHB Jeff Bertoni
|
0-0: Foul Ball, location: 2F 0-1: Ball 1-1: Fly out, F8 (Flyball, 8RD, EV 101.9 MPH) Runner from 3rd tags up, SCORES, throw by CF
|
Batting: RHB Scott Richartz
|
0-0: Foul Ball, location: 2F 0-1: Foul Ball, location: 2F 0-2: Ball 1-2: Ball 2-2: Ground out 6-3 (Groundball, 6, EV 103.8 MPH)
|
Batting: RHB Tony Walker
|
0-0: Foul Ball, location: 2F 0-1: Ball 1-1: Ball 2-1: SINGLE (Groundball, 56D, EV 99.4 MPH)
|
Batting: SHB Albert Hall
|
0-0: Ball Tony Walker steals 2nd base 1-0: Called Strike 1-1: Foul Ball, location: 2F 1-2: Foul Ball, location: 2F 1-2: Ground out 4-3 (Groundball, 4MD, EV 81.9 MPH)
|
Bottom of the 7th over - 1 run, 2 hits, 0 errors, 1 left on base; Pompano Beach 5 - Dunedin 3 |
TOP OF THE 8TH |
Pompano Beach Stingrays batting - Pitching for Dunedin Blue Jays : RHP Jesus Cortez
|
Batting: RHB Lance Junker
|
0-0: Ball 1-0: Foul Ball, location: 2F 1-1: Foul Ball, location: 2F 1-2: Ball 2-2: Ball 3-2: Foul Ball, location: 2F 3-2: Foul Ball, location: 2F 3-2: Base on Balls
|
Batting: RHB Mark Strucher
|
0-0: Ball 1-0: Ball 2-0: 2-RUN HOME RUN (Flyball, 78XD, EV 103.8 MPH), Distance : 437 ft
|
Batting: SHB Juan Molina
|
0-0: Ball 1-0: Called Strike 1-1: Ball 2-1: Ball 3-1: Base on Balls
|
Batting: SHB Maury Ornest
|
0-0: Ball 1-0: Called Strike 1-1: Called Strike 1-2: Foul Ball, location: 2F 1-2: Fly out, F3 (Flyball, 3D, EV 81.9 MPH)
|
Batting: RHB Whitney Harry
|
0-0: Ball 1-0: Fly out, F5 (Line Drive, 5, EV 63.8 MPH)
|
Batting: RHB William Waag
|
0-0: Fly out, F2 (Popup, 23F, EV 93.8 MPH)
|
Top of the 8th over - 2 runs, 1 hit, 0 errors, 1 left on base; Pompano Beach 7 - Dunedin 3 |
BOTTOM OF THE 8TH |
Dunedin Blue Jays batting - Pitching for Pompano Beach Stingrays : RHP Ricky Acevedo
|
Batting: LHB Gary Fulton
|
0-0: Ball 1-0: Called Strike 1-1: Called Strike 1-2: Ball 2-2: Foul Ball, location: 2F 2-2: Ball 3-2: Base on Balls
|
Batting: LHB Ray Cosey
|
0-0: Ball 1-0: Ball 2-0: Foul Ball, location: 2F 2-1: Ball 3-1: Fly out, F3 (Popup, 23F, EV 85.6 MPH)
|
Batting: RHB Randy Lavigne
|
0-0: Ball 1-0: Called Strike 1-1: Grounds into double play, 6-4-3 (Groundball, 6, EV 82.5 MPH)
|
Bottom of the 8th over - 0 runs, 0 hits, 0 errors, 0 left on base; Pompano Beach 7 - Dunedin 3 |
TOP OF THE 9TH |
Pompano Beach Stingrays batting - Pitching for Dunedin Blue Jays : RHP Jesus Cortez
|
Batting: RHB Edward Lowery
|
0-0: Ball 1-0: Called Strike 1-1: Foul Ball, location: 2F 1-2: Strikes out swinging
|
Batting: RHB Jorge Villalobos
|
0-0: Ball 1-0: Called Strike 1-1: Called Strike 1-2: Ball 2-2: Ball 3-2: Fly out, F6 (Line Drive, 6, EV 70.0 MPH)
|
Batting: SHB Gene Roof
|
0-0: Called Strike 0-1: Ground out 6-3 (Groundball, 6, EV 81.9 MPH)
|
Top of the 9th over - 0 runs, 0 hits, 0 errors, 0 left on base; Pompano Beach 7 - Dunedin 3 |
BOTTOM OF THE 9TH |
Dunedin Blue Jays batting - Pitching for Pompano Beach Stingrays : RHP Ricky Acevedo
|
Batting: RHB Dann Bilardello
|
0-0: Called Strike 0-1: Foul Ball, location: 2F 0-2: Ball 1-2: Ball 2-2: Fly out, F8 (Flyball, 89D, EV 86.3 MPH)
|
Batting: RHB Rich Murray
|
0-0: Called Strike 0-1: Foul Ball, location: 2F 0-2: Ball 1-2: Fly out, F1 (Line Drive, P, EV 63.8 MPH)
|
Batting: RHB Jeff Bertoni
|
0-0: Called Strike 0-1: Reached on error, E5 (Groundball, 5L, EV 98.8 MPH)
|
Batting: RHB Scott Richartz
|
0-0: Ball 1-0: Called Strike 1-1: Ball 2-1: Ball 3-1: Base on Balls
|
Batting: RHB Tony Walker
|
0-0: Called Strike 0-1: Ball 1-1: Foul Ball, location: 2F 1-2: Fly out, F9 (Flyball, 89S, EV 94.4 MPH)
|
Bottom of the 9th over - 0 runs, 0 hits, 1 error, 2 left on base; Pompano Beach 7 - Dunedin 3 |
|